 Dungeon Crawl Stone Soup version 0.26-a0-937-g67df3f2acb (webtiles) character file.

Game seed: 14001287509402677399

248 ANON1729 the Ruffian (level 5, -2/41 HPs)
             Began as a Draconian Transmuter on Nov 27, 2020.
             Slain by an orc
             ... wielding a +0 flail
              (6 damage)
             ... on level 4 of the Dungeon.
             The game lasted 00:06:13 (4435 turns).

ANON1729 the Ruffian (Draconian Transmuter)         Turns: 4435, Time: 00:06:13

Health: -2/41      AC:  5    Str: 12    XL:     5   Next: 86%
Magic:  9/9        EV: 12    Int: 15    God:
Gold:   176        SH:  0    Dex: 11    Spells: 3/9 levels left

rFire    + . .     SeeInvis .     - Unarmed
rCold    + . .     Faith    +   (no shield)
rNeg     . . .     Spirit   .   (armour unavailable)
rPois    +         Reflect  .   (helmet currently unavailable)
rElec    +         Harm     .   (no cloak)
rCorr    +         Rampage  .   (no gloves)
MR       .....                  (boots currently unavailable)
Stlth    +.........             k - amulet of faith
HPRegen  0.13/turn              (no ring)
MPRegen  0.11/turn              (no ring)

@: mighty, appendages (expiring), resistant
A: unfitting armour, horns 2, talons 2, cold-blooded, AC +5
a: End Transformation


You were on level 4 of the Dungeon.
You had grown temporary horns.
You had grown temporary talons.
You visited 1 branch of the dungeon, and saw 4 of its levels.

You collected 176 gold pieces.

Inventory:

Missiles
 b - 24 stones
Jewellery
 k - an amulet of faith (around neck)
Scrolls
 a - 5 scrolls of remove curse {unknown}
 c - 2 scrolls of fog {unknown}
 d - 2 scrolls of amnesia {unknown}
 l - a scroll of identify {unknown}
 m - a scroll of immolation {unknown}
 n - a scroll of enchant armour {unknown}
Potions
 e - a potion of mutation {unknown}
 f - a potion of heal wounds {unknown}
 h - a potion of might
 i - a potion of lignification {unknown}
 j - a potion of curing {unknown}


   Skills:
 + Level 2.3 Fighting
 + Level 2.7 Dodging
 * Level 4.1 Unarmed Combat
 + Level 2.8 Spellcasting
 * Level 3.5 Transmutations
 + Level 1.2 Poison Magic


You had 3 spell levels left.
You knew the following spells:

 Your Spells              Type           Power        Failure   Level
a - Beastly Appendage     Tmut           ##....       4%          1
b - Wereblood             Tmut           ##......     7%          2
c - Spider Form           Tmut/Pois      #.........   22%         3

Your spell library contained the following spells:

 Spells                   Type           Power        Failure   Level
 Ice Form                 Ice/Tmut       #.......     69%         4
 Blade Hands              Tmut           ##........   78%         5


Dungeon Overview and Level Annotations

Branches:
Dungeon (4/15)
 Temple: D:4-7

Altars:
Elyvilon
Uskayaw


Innate Abilities, Weirdness & Mutations

Your plain brown scales are hard. (AC +5)
You cannot fit into any form of body armour.
You are cold-blooded and may be slowed by cold attacks.
You have a pair of horns on your head.
You have razor-sharp toenails.


Message History

The orc wizard hits you but does no damage.
You hit the orc priest. You claw the orc priest.
The orc priest is severely wounded.
The orc wizard hits you but does no damage.
The orc priest barely misses you. The orc hits you but does no damage.
You hit the orc priest.
You kill the orc priest!
The orc wizard barely misses you. x2; The orc barely misses you.
It was a potion of might.
You feel very mighty all of a sudden. The orc barely misses you.
The orc wizard hits you with a +0 dagger.
* * * LOW HITPOINT WARNING * * *
The orc hits you with a +0 whip.
* * * LOW HITPOINT WARNING * * *
It was a potion of resistance.
You feel protected.
The orc wizard mumbles some strange words.
The orc wizard blinks!
The orc hits you with a +0 flail.
You die...

..# #.#### ..# #....# ..
.... ..# ###..#
##+##.⌠#....
..######.####...#.#.....
###.............#.....#
.#..........#...#.....#
.#........#.#.###.....#
.#........#......o....#
.#........#.....@§....#
.#........#.....)o....#
.#........#......#'####
###.......#......#o..
..#########......# ...
..#.....<.#......# .....
..#.......#......# ....
..'.......#......'. ....
..#.......#......#.


You could see an orc wizard (fast) and 2 orcs.

Vanquished Creatures
  An orc priest (D:4)
  A hound (D:3)
  A worker ant (D:3)
  6 adders
  An ooze (D:2)
  A worm (D:2)
  3 dart slugs
  3 leopard geckos
  8 orcs (D:3)
  3 giant cockroaches
  12 goblins
  9 hobgoblins
  9 jackals
  3 quokkas
  2 ball pythons (D:1)
  7 bats
  6 frilled lizards
  A jackal skeleton (D:4)
  7 kobolds
  7 rats
91 creatures vanquished.

Notes
Turn   | Place    | Note
-------+----------+-------------------------------------------
     0 | D:1      | ANON1729 the Draconian Transmuter began the quest for the
                  | Orb.
     0 | D:1      | Reached XP level 1. HP: 16/16 MP: 3/3
   137 | D:1      | Reached XP level 2. HP: 18/23 MP: 5/5
  1038 | D:1      | Reached XP level 3. HP: 29/29 MP: 6/6
  2187 | D:2      | Reached XP level 4. HP: 36/36 MP: 7/7
  2305 | D:2      | Learned a level 2 spell: Wereblood
  2309 | D:2      | Learned a level 3 spell: Spider Form
  2681 | D:2      | Found a hide-covered altar of Uskayaw.
  2682 | D:2      | Found a white marble altar of Elyvilon.
  3106 | D:3      | Reached XP level 5. HP: 39/41 MP: 8/8
  3706 | D:3      | Reached skill level 1 in Poison Magic
  3780 | D:3      | Reached skill level 4 in Unarmed Combat
  4435 | D:4      | Slain by an orc

Illustrated notes

Levels and vault maps discovered:
D:1:      psy_arrival_heroes, layout_basic, minivault_11
D:2:      layout_loops_corners, gammafunk_temple_overflow_pools
D:3:      layout_basic
D:4:      layout_gridville, evilmike_ruin_ashenzari

Skill      XL: |  1  2  3  4  5 |
---------------+----------------+-----
Dodging        | 2 |  2.7
Fighting       | 2 |  2.3
Transmutations | 3 |  3.5
Poison Magic   | 1 |  1.2
Unarmed Combat | 4 |  4.1
Spellcasting   | |  2.8

Action                   |  1- 3 |  4- 6 || total
-------------------------+-------+-------++-------
Melee: Unarmed           |   181 |   198 ||   379
       Tailslap          |    16 |    15 ||    31
       Punch             |     1 |     1 ||     2
       Kick              |       |     8 ||     8
       Headbutt          |       |     5 ||     5
 Cast: Beastly Appendage |     1 |     6 ||     7
       Wereblood         |       |     2 ||     2
  Use: Potion            |       |     2 ||     2
 Stab: Sleeping          |     1 |     1 ||     2
Armor: Skin              |    40 |    53 ||    93
Dodge: Dodged            |   102 |   136 ||   238

Table legend: (Time is in decaauts)
 A = Elapsed time spent in this place.
 B = Non-inter-level travel time spent in this place.
 C = Inter-level travel time spent in this place.
 D = Time resting spent in this place.
 E = Time spent auto-exploring this place.
 F = Levels seen in this place.
 G = Mean time per level.
                   A        B        C        D        E       F      G
               +--------+--------+--------+--------+--------+-----+--------+
         Total |   4410 |   4306 |    104 |    262 |   3359 |   4 | 1102.5 |
       Dungeon |   4410 |   4306 |    104 |    262 |   3359 |   4 | 1102.5 |
               +--------+--------+--------+--------+--------+-----+--------+

Top non-repeatable levels by time:
     D:2: 1684 daAuts
     D:1: 1360 daAuts
     D:3: 1150 daAuts
     D:4: 214 daAuts
